 Dungeon Crawl Stone Soup version 0.29.0-4-gdea44cf6ec (webtiles) character file.

Game seed: 16897970434298662198

2996 qw the Cleaver (level 9, 0/55 HPs)
             Began as a Tengu Warper on Aug 28, 2022.
             Was an Initiate of Okawaru.
             Slain by a hornet (9 damage)
             ... on level 8 of the Dungeon.
             The game lasted 00:00:52 (8692 turns).

qw the Cleaver (Tengu Warper)                       Turns: 8692, Time: 00:00:53

Health: 0/55       AC: 18    Str: 18    XL:     9   Next: 84%
Magic:  13/13      EV:  9    Int: 17    God:    Okawaru [......]
Gold:   1451       SH:  5    Dex: 10    Spells: 12/12 levels left

rFire   . . .      SeeInvis .   Y - +1 broad axe
rCold   + + .      Faith    .   (no shield)
rNeg    . . .      Spirit   .   o - +3 chain mail
rPois   .          Reflect  +   (helmet restricted)
rElec   .          Harm     .   (no cloak)
rCorr   +          Rampage  .   a - +1 pair of gloves of a Thousand Beasts {Will+ Str+3 Int+3}
Will    ++...                   (boots unavailable)
Stlth   ..........              k - amulet of reflection
HPRegen 0.18/turn               m - +4 ring of protection
MPRegen 0.13/turn               e - ring of Bicueqay {rC++ Will+ rCorr Dex-4}

@: lethally poisoned (0 -> -14), flying quickly and evasively, slowed, very slow
A: beak, talons 3, nimble flight
a: Renounce Religion


You were on level 8 of the Dungeon.
You worshipped Okawaru.
Okawaru was noncommittal.
You visited 2 branches of the dungeon, and saw 9 of its levels.

You collected 1499 gold pieces.
You spent 48 gold pieces at shops.


Innate Abilities, Weirdness & Mutations

You have a beak for a mouth.
You have claws for feet.
Your magical nature lets you fly swiftly and evasively.


   Skills:
 + Level 5.7 Fighting
 - Level 12.0 Axes
 - Level 3.0 Throwing
 - Level 4.3 Armour
 - Level 3.4 Dodging
 - Level 2.0 Spellcasting
 - Level 2.4 Translocations


You had 12 spell levels left.
You didn't know any spells.
Your spell library contained the following spells:

 Spells                   Type           Power      Damage    Failure   Level
 Blink                    Tloc           18%        N/A       80%         2
 Gell's Gravitas          Tloc           9%         N/A       95%         3
 Lesser Beckoning         Tloc           9%         N/A       95%         3
 Teleport Other           Tloc           9%         N/A       95%         3
 Manifold Assault         Tloc           9%         N/A       100%        5

Inventory:

Hand Weapons
 f - a +0 morningstar
 Y - a +1 broad axe (weapon)
Missiles
 n - 2 boomerangs (quivered)
Armour
 a - the +1 pair of gloves of a Thousand Beasts (worn) {Will+ Str+3 Int+3}
   (You acquired it on level 4 of the Dungeon)

   Str:       It affects your strength (+3).
   Int:       It affects your intelligence (+3).
   Will:      It increases your willpower.
 o - a +3 chain mail (worn)
Jewellery
 e - the ring of Bicueqay (right hand) {rC++ Will+ rCorr Dex-4}
   (You acquired it on level 4 of the Dungeon)

   [ring of resist corrosion]

   Dex:       It affects your dexterity (-4).
   rC:        It greatly protects you from cold.
   rCorr:     It protects you from acid and corrosion.
   Will:      It increases your willpower.
 k - an amulet of reflection (around neck)
 m - a +4 ring of protection (left hand)
Scrolls
 d - 2 scrolls of identify
 g - a scroll of teleportation
Potions
 i - a potion of curing
 l - a potion of magic
 p - a potion of might

Dungeon Overview and Level Annotations

Branches:
Dungeon (8/15)             Temple (1/1) D:7
   Lair: D:8-11

Altars:
Ashenzari
Cheibriados
Fedhas
Hepliaklqana
Kikubaaqudgha
Makhleb
Nemelex Xobeh
Okawaru
Qazlal
Sif Muna
Trog
Vehumet
Wu Jian
Xom
Zin
The Shining One

Shops:
D:3 ?


Message History

The kobold brigand is almost dead.
You miss the hornet.
You feel very sick.
You hear a shout!
The hornet stings you.
You are more poisoned.
You feel as though you will be slow longer.
An orc comes into view.
It is wielding a +0 hand axe and quivering curare-tipped darts.
The kobold brigand hits you with a +0 short sword.
The hornet closely misses you. The kobold hits you but does no damage.
The kobold brigand hits you but does no damage.
You closely miss the kobold brigand.
The kobold brigand is almost dead.
You hit the hornet but do no damage. You barely miss the kobold.
You feel very sick. You block the hornet's attack.
The hornet barely misses you. The kobold brigand closely misses you.
The kobold closely misses you.
You slash the kobold brigand!
You kill the kobold brigand!
Okawaru accepts your kill.
You closely miss the hornet. You miss the kobold.
You feel very sick.
The hornet stings you but does no damage.
The orc throws a curare-tipped dart.
The curare-tipped dart hits you.
You are lethally poisoned!
You have difficulty breathing.
You feel as though you will be slow longer.
The kobold closely misses you.
The hornet stings you but does no damage.
You block the kobold's attack. The kobold hits you but does no damage.
Your Armour skill increases to level 4!
You barely miss the hornet. Your kick misses the hornet.
The hornet is moderately wounded.
You slash the kobold!
You kill the kobold!
You slash the kobold!
You kill the kobold!
You feel very sick. You block the hornet's attack. The hornet stings you!
You die...

..(...#
......#
......#
..o....
)......
.......
#####)o.....
#)..@yo.....
#.###)......
#.# #######
#.#
#.#########
#.#........
#.#........
#.#.[......
#..........


You could see a hornet and 3 orcs.

Vanquished Creatures
  A wyvern (D:7)
  Eustachio (D:6)
  A water moccasin (D:6)
  An orc warrior (D:7)
  An ice beast (D:7)
  3 black bears
  An ogre (D:5)
  A centaur (D:8)
  A kobold brigand (D:8)
  3 phantoms
  2 bullfrogs
  A necrophage (D:7)
  5 scorpions
  4 wights (D:7)
  2 electric eels (D:7)
  2 howler monkeys
  A gnoll bouda (D:5)
  A jelly (D:7)
  7 orc priests
  6 hounds
  An iguana (D:7)
  3 orc wizards
  11 gnolls
  6 adders
  2 shadow imps
  A white imp (D:7)
  An ufetubus (D:6)
  A worm (D:2)
  A dart slug (D:5)
  28 orcs
  3 bats
  3 endoplasms
  A giant cockroach (D:3)
  11 goblins
  4 hobgoblins
  4 jackals
  3 quokkas
  6 ball pythons
  2 frilled lizards
  A goblin zombie (D:6)
  11 kobolds
  3 rats
  A rat zombie (D:6)
  A spectral goblin (D:1)
154 creatures vanquished.

Vanquished Creatures (others)
  A wizard (D:7)
1 creature vanquished.

Grand Total: 155 creatures vanquished

Notes
Turn   | Place    | Note
-------+----------+-------------------------------------------
     0 | D:1      | qw the Tengu Warper began the quest for the Orb.
     0 | D:1      | Reached XP level 1. HP: 12/12 MP: 4/4
     0 | D:1      | 0 ||| qw: Version: 0.1-a-89-g26bdef1
     0 | D:1      | 0 ||| qw: Game counter: 3043
     0 | D:1      | 0 ||| qw: Always use a shield: true
     0 | D:1      | 0 ||| qw: God list: Okawaru
     0 | D:1      | 0 ||| qw: Allow faded altars: false
     0 | D:1      | 0 ||| qw: Do Orc after D:15 true
     0 | D:1      | 0 ||| qw: Do second Lair branch before Depths: true
     0 | D:1      | 0 ||| qw: Lair rune preference: random
     0 | D:1      | 0 ||| qw: Plans: Normal
     0 | D:1      | 0 ||| PLANNING D:1-11
   164 | D:1      | Reached XP level 2. HP: 17/17 MP: 6/6
   252 | D:1      | Reached skill level 3 in Axes
   429 | D:1      | 429 ||| Stepping ~*~*~tactically~*~*~ (stealth).
   444 | D:1      | 444 ||| Stepping ~*~*~tactically~*~*~ (stealth).
   452 | D:1      | 452 ||| Stepping ~*~*~tactically~*~*~ (stealth).
   596 | D:1      | Found a faded altar of an unknown god.
   598 | D:1      | 598 ||| Stepping ~*~*~tactically~*~*~ (water).
   785 | D:1      | 785 ||| UPGRADING to +0 ring mail.
   795 | D:1      | 795 ||| DROPPING +0 leather armour.
   796 | D:1      | 796 ||| UPGRADING to +0 scale mail.
   806 | D:1      | 806 ||| DROPPING +0 ring mail.
   807 | D:1      | 807 ||| READING scroll labelled OVI TYPYEMPERIW.
   808 | D:1      | 808 ||| READING scroll labelled VOAM IPPIEQ.
   809 | D:1      | 809 ||| READING scroll labelled SERHOA LENWUE.
   810 | D:1      | 810 ||| READING scroll labelled KINUXA XOAMU.
   811 | D:1      | 811 ||| READING scroll labelled RAESTATHES.
   816 | D:1      | 816 ||| DROPPING scroll of blinking.
   833 | D:2      | 833 ||| Stepping ~*~*~tactically~*~*~ (stealth).
   950 | D:2      | Reached XP level 3. HP: 20/21 MP: 7/7
   953 | D:2      | 953 ||| Stepping ~*~*~tactically~*~*~ (stealth).
   980 | D:2      | 980 ||| Stepping ~*~*~tactically~*~*~ (stealth).
  1034 | D:2      | Reached skill level 4 in Axes
  1296 | D:2      | Found a hazy altar of Hepliaklqana.
  1344 | D:2      | 1344 ||| Stepping ~*~*~tactically~*~*~ (stealth).
  1801 | D:2      | Reached XP level 4. HP: 26/26 MP: 8/8
  1990 | D:2      | 1990 ||| UPGRADING to +0 pair of gloves.
  1995 | D:2      | 1995 ||| READING scroll of enchant armour.
  1995 | D:2      | 1995 ||| ENCHANTING +0 pair of gloves.
  1996 | D:2      | 1996 ||| READING scroll labelled SETTALL MARAU.
  1997 | D:2      | 1997 ||| READING scroll labelled TERAGG CAES.
  1998 | D:2      | 1998 ||| READING scroll labelled YMILIKK BUCOE.
  1999 | D:2      | 1999 ||| DRINKING 2 lumpy amethyst potions.
  2000 | D:2      | 2000 ||| DROPPING potion of degeneration.
  2131 | D:3      | Found Apill's Magic Scroll Shop.
  2139 | D:3      | 2139 ||| READING scroll of enchant armour.
  2139 | D:3      | 2139 ||| ENCHANTING +1 pair of gloves.
  2141 | D:3      | 2141 ||| BUYING scroll of identify (24 gold).
  2141 | D:3      | Bought a scroll of identify for 24 gold pieces
  2141 | D:3      | 2141 ||| BUYING scroll of identify (24 gold).
  2141 | D:3      | Bought a scroll of identify for 24 gold pieces
  2141 | D:3      | 2141 ||| SHOPLISTING scroll of identify (24 gold, have 18).
  2141 | D:3      | 2141 ||| SHOPLISTING scroll of teleportation (36 gold, have
                  | 18).
  2511 | D:3      | Reached skill level 5 in Axes
  2644 | D:3      | Found an ornate altar of the Wu Jian Council.
  2803 | D:3      | 2803 ||| DROPPING amulet of magic regeneration.
  2804 | D:3      | 2804 ||| READING 2 scrolls labelled MIEHYCV ERORCHI.
  2805 | D:3      | 2805 ||| READING 6 scrolls of identify.
  2805 | D:3      | 2805 ||| IDENTIFYING metallic green potion
  2806 | D:3      | 2806 ||| DROPPING scroll of fear.
  2911 | D:4      | 2911 ||| READING scroll of brand weapon.
  2911 | D:4      | 2911 ||| BRANDING +1 hand axe of protection.
  2984 | D:4      | Gained mutation: Your magical nature lets you fly swiftly
                  | and evasively. [Tengu growth]
  2984 | D:4      | Reached XP level 5. HP: 9/30 MP: 9/9
  3194 | D:4      | 3194 ||| DROPPING +0 club.
  3354 | D:4      | Found a broken altar of Ashenzari.
  3656 | D:4      | Noticed a phantom
  3668 | D:4      | Killed a phantom
  3669 | D:4      | Reached skill level 6 in Axes
  3811 | D:4      | 3811 ||| UPGRADING to amulet of guardian spirit.
  3816 | D:4      | 3816 ||| UPGRADING to +4 ring of protection.
  3817 | D:4      | 3817 ||| READING scroll labelled FUTHEP PEA.
  3818 | D:4      | 3818 ||| READING scroll labelled EGREAM NEPT.
  3819 | D:4      | 3819 ||| READING 3 scrolls labelled VACOWK DADOVVONN.
  3819 | D:4      | Identified 3 scrolls of acquirement
  3819 | D:4      | 3819 ||| ACQUIRING +1 pair of gloves of a Thousand Beasts
                  | {Will+ Str+3 Int+3}
  3819 | D:4      | Acquired the +1 pair of gloves of a Thousand Beasts {Will+
                  | Str+3 Int+3}
  3821 | D:4      | 3821 ||| UPGRADING to +1 pair of gloves of a Thousand
                  | Beasts {Will+ Str+3 Int+3}.
  3831 | D:4      | 3831 ||| DROPPING +2 pair of gloves.
  3832 | D:4      | 3832 ||| READING 2 scrolls of acquirement.
  3832 | D:4      | 3832 ||| ACQUIRING 1082 gold pieces
  3832 | D:4      | Acquired 1082 gold pieces
  3834 | D:4      | 3834 ||| READING scroll of acquirement.
  3834 | D:4      | 3834 ||| ACQUIRING ring of Bicueqay {rC++ Will+ rCorr
                  | Dex-4}
  3834 | D:4      | Acquired the ring of Bicueqay {rC++ Will+ rCorr Dex-4}
  3836 | D:4      | 3836 ||| UPGRADING to ring of Bicueqay {rC++ Will+ rCorr
                  | Dex-4}.
  3837 | D:4      | 3837 ||| DRINKING 3 smoky yellow potions.
  3838 | D:4      | 3838 ||| READING 6 scrolls of identify.
  3838 | D:4      | 3838 ||| IDENTIFYING bubbling blue potion
  3839 | D:4      | 3839 ||| DROPPING potion of flight.
  3901 | D:5      | Entered Level 5 of the Dungeon
  3928 | D:5      | Noticed a water moccasin
  3937 | D:5      | HP: 7/30 [poisoned by a water moccasin]
  3938 | D:5      | 3938 ||| READING scroll of teleportation.
  3939 | D:5      | 3939 ||| DRINKING potion of heal wounds.
  4043 | D:5      | Reached XP level 6. HP: 30/35 MP: 8/10
  4101 | D:5      | Reached skill level 7 in Axes
  4343 | D:5      | Reached skill level 3 in Fighting
  4372 | D:5      | 4372 ||| Stepping ~*~*~tactically~*~*~ (stealth).
  4373 | D:5      | 4373 ||| Stepping ~*~*~tactically~*~*~ (stealth).
  4382 | D:5      | Reached XP level 7. HP: 41/41 MP: 8/11
  4440 | D:5      | Reached skill level 8 in Axes
  4773 | D:5      | 4773 ||| DROPPING +0 whip.
  4969 | D:5      | Reached skill level 9 in Axes
  4971 | D:5      | HP: 9/41 [phantom (2)]
  4972 | D:5      | 4972 ||| DRINKING potion of heal wounds.
  4974 | D:5      | Reached XP level 8. HP: 40/48 MP: 3/12
  5054 | D:5      | 5054 ||| Stepping ~*~*~tactically~*~*~ (hiding).
  5055 | D:5      | 5055 ||| SWAPPING to +0 broad axe.
  5057 | D:5      | Found a glowing silver altar of Zin.
  5160 | D:5      | 5160 ||| DROPPING +1 hand axe of venom.
  5309 | D:5      | 5309 ||| Stepping ~*~*~tactically~*~*~ (hiding).
  5408 | D:5      | 5408 ||| READING scroll labelled VIQARI WUFFU.
  5409 | D:5      | 5409 ||| DRINKING 2 sedimented orange potions.
  5410 | D:5      | 5410 ||| READING 6 scrolls of identify.
  5410 | D:5      | 5410 ||| IDENTIFYING fizzy grey potion
  5411 | D:5      | 5411 ||| DROPPING potion of lignification.
  5412 | D:5      | 5412 ||| DROPPING potion of invisibility.
  5539 | D:6      | 5539 ||| PLANNING OSSUARY
  5540 | D:6      | 5540 ||| STAIRDANCE
  5643 | D:6      | 5643 ||| Stepping ~*~*~tactically~*~*~ (hiding).
  5644 | D:6      | 5644 ||| Stepping ~*~*~tactically~*~*~ (hiding).
  5848 | D:6      | 5848 ||| DROPPING +2 vorpal flail.
  5964 | D:6      | Reached skill level 10 in Axes
  6010 | D:6      | Reached skill level 3 in Throwing
  6139 | D:6      | Noticed Eustachio
  6146 | D:6      | Killed Eustachio
  6212 | D:6      | 6212 ||| READING scroll of enchant weapon.
  6212 | D:6      | 6212 ||| ENCHANTING +0 broad axe.
  6235 | D:6      | Reached skill level 3 in Dodging
  6235 | D:6      | Reached XP level 9. HP: 17/54 MP: 9/13
  6235 | D:6      | 6235 ||| DRINKING 2 potions of curing.
  6235 | D:6      | 6235 ||| (to cure poison)
  6324 | D:6      | 6324 ||| RIP OSSUARY
  6396 | D:6      | 6396 ||| PLANNING D:1-11
  6407 | D:6      | 6407 ||| Stepping ~*~*~tactically~*~*~ (stealth).
  6411 | D:6      | 6411 ||| Stepping ~*~*~tactically~*~*~ (stealth).
  6620 | D:6      | 6620 ||| Stepping ~*~*~tactically~*~*~ (stealth).
  6746 | D:6      | 6746 ||| UPGRADING to +3 scale mail.
  6756 | D:6      | 6756 ||| DROPPING +0 scale mail.
  6757 | D:6      | 6757 ||| READING 6 scrolls of identify.
  6757 | D:6      | 6757 ||| IDENTIFYING sedimented blue potion
  6758 | D:6      | 6758 ||| DROPPING potion of ambrosia.
  6851 | D:7      | 6851 ||| Stepping ~*~*~tactically~*~*~ (stealth).
  6851 | D:7      | Found a staircase to the Ecumenical Temple.
  6852 | D:7      | 6852 ||| PLANNING TEMPLE
  6860 | D:7      | 6860 ||| READING 5 scrolls of identify.
  6860 | D:7      | 6860 ||| IDENTIFYING fizzy inky potion
  6861 | D:7      | 6861 ||| DROPPING potion of brilliance.
  6862 | D:7      | 6862 ||| READING 3 scrolls of teleportation.
  6890 | D:7      | Reached skill level 11 in Axes
  7099 | D:7      | Found a bloodstained altar of Trog.
  7100 | D:7      | Noticed a wizard
  7106 | D:7      | Killed a wizard
  7121 | D:7      | 7121 ||| Stepping ~*~*~tactically~*~*~ (stealth).
  7126 | D:7      | Reached skill level 3 in Armour
  7141 | Temple   | Entered the Ecumenical Temple
  7642 | Temple   | 7642 ||| PLANNING D:1-11
  7683 | D:7      | 7683 ||| READING 2 scrolls of teleportation.
  7684 | D:7      | 7684 ||| FLEEEEING.
  7685 | D:7      | 7685 ||| FLEEEEING.
  7686 | D:7      | 7686 ||| FLEEEEING.
  7687 | D:7      | 7687 ||| FLEEEEING.
  7688 | D:7      | 7688 ||| FLEEEEING.
  7952 | D:7      | 7952 ||| Stepping ~*~*~tactically~*~*~ (stealth).
  7975 | D:7      | 7975 ||| FLEEEEING.
  7979 | D:7      | Found a snail-covered altar of Cheibriados.
  8032 | D:7      | Found an iron altar of Okawaru.
  8038 | D:7      | Became a worshipper of Warmaster Okawaru
  8039 | D:7      | 8039 ||| REMOVING amulet of guardian spirit.
  8059 | D:7      | Reached skill level 12 in Axes
  8529 | D:7      | 8529 ||| UPGRADING to +3 chain mail.
  8539 | D:7      | 8539 ||| DROPPING +3 scale mail.
  8540 | D:7      | 8540 ||| DROPPING amulet of guardian spirit.
  8541 | D:7      | 8541 ||| UPGRADING to amulet of reflection.
  8546 | D:7      | 8546 ||| READING 5 scrolls of identify.
  8546 | D:7      | 8546 ||| IDENTIFYING golden potion
  8547 | D:7      | 8547 ||| READING 4 scrolls of identify.
  8547 | D:7      | 8547 ||| IDENTIFYING ruby potion
  8548 | D:7      | 8548 ||| READING 3 scrolls of identify.
  8548 | D:7      | 8548 ||| IDENTIFYING puce potion
  8549 | D:7      | 8549 ||| DROPPING potion of attraction.
  8674 | D:8      | 8674 ||| Stepping ~*~*~tactically~*~*~ (stealth).
  8679 | D:8      | Noticed a hornet
  8692 | D:8      | HP: 9/55 [poisoned by an orc (curare-tipped dart)]
  8692 | D:8      | Slain by a hornet

Levels and vault maps discovered:
D:1:      minmay_arrival_four_circles, layout_loops_cross,
          dreamdust_ecumenical_altar_drowned_temple, nicolae_hexahallways
D:2:      layout_basic, basic_altar, grunt_decor_one_mirror, minmay_fountain_box
D:3:      layout_basic, nzn_wu_jian_contemplation, serial_shops, shop,
          minmay_misc_feat_cross
D:4:      layout_gridville, nicolae_ashenzari_skybound
D:5:      layout_basic, lemuel_coloured_pillars_altar
D:6:      layout_loops_ring, enter_ossuary_4, uniq_eustachio
D:7:      layout_basic, trog_wizard, nicolae_overflow_squiral,
          minmay_temple_entry_slanted, enter_bailey_7, minmay_crystal_water,
          kennysheep_generic_room_16
D:8:      layout_basic, nicolae_overflow_hidden_temple, serial_shops,
          nicolae_stop_n_shop_2, serial_bayou_ford_a,
          chequers_serial_rivers_small_b, feat_on_display
Temple:   chequers_temple_sunken

Skill      XL: |  1  2  3  4  5  6  7  8  9 |
---------------+----------------------------+-----
Axes           | 3 4 5 6 7 9 10 12 | 12.0
Fighting       | 3 5 |  5.7
Armour         | 2 4 |  4.3
Throwing       | 3 |  3.0
Dodging        | 3 |  3.4
Spellcasting   | |  2.0
Translocations | |  2.4

Action                   |  1- 3 |  4- 6 |  7- 9 || total
-------------------------+-------+-------+-------++-------
Melee: Hand axe          |    73 |   104 |    40 ||   217
       Kick              |    19 |    30 |    57 ||   106
       Peck              |     9 |    20 |    36 ||    65
       Broad axe         |       |       |   182 ||   182
       Punch             |       |       |     3 ||     3
Throw: Boomerang         |     7 |       |    18 ||    25
       Javelin           |       |       |    35 ||    35
  Use: Scroll            |     5 |    15 |    10 ||    30
       Potion            |       |     3 |     3 ||     6
Armor: Leather armour    |     5 |       |       ||     5
       Scale mail        |    26 |    46 |    78 ||   150
       Chain mail        |       |       |    13 ||    13
Dodge: Dodged            |    44 |    48 |   116 ||   208
Block: Other             |       |       |     8 ||     8
       Reflection        |       |       |     2 ||     2

Table legend:
 A = Non-vault XP
 B = Vault XP
 C = Vault XP percentage of total XP
 D = Non-vault monster count
 E = Vault monster count
 F = Vault count percentage of total count
                 A         B        C        D         E       F
            +---------+---------+-------+---------+---------+-------
      Total |    3671 |     613 |  14.3 |     143 |      11 |   7.1
            +---------+---------+-------+---------+---------+-------
        D:1 |      24 |       1 |   4.0 |      15 |       1 |   6.2
        D:2 |      71 |       0 |   0.0 |      20 |       0 |   0.0
        D:3 |      32 |       0 |   0.0 |      10 |       0 |   0.0
        D:4 |     150 |       0 |   0.0 |       6 |       0 |   0.0
        D:5 |    1303 |       0 |   0.0 |      36 |       0 |   0.0
        D:6 |     806 |     183 |  18.5 |      16 |       3 |  15.8
        D:7 |    1056 |     429 |  28.9 |      31 |       7 |  18.4
        D:8 |     229 |       0 |   0.0 |       9 |       0 |   0.0
            +---------+---------+-------+---------+---------+-------
